 Dungeon Crawl Stone Soup version 0.19.0-20-gbc5f0c6 (webtiles) character file.

49326 tboon the Fighter (level 14, -1/130 HPs)
             Began as a Minotaur Fighter on Nov 16, 2016.
             Was the Champion of Okawaru.
             Hit by a stone thrown by an entropy weaver (7 damage)
             ... on level 6 of the Lair of Beasts.
             The game lasted 00:57:29 (18594 turns).

tboon the Fighter (Minotaur Fighter)               Turns: 18594, Time: 00:57:30

Health: -1/130     AC: 14    Str: 21    XL:     14   Next: 15%
Magic:  20/20      EV:  7    Int:  7    God:    Okawaru [******]
Gold:   1070       SH: 14    Dex: 21    Spells: 0 memorised, 13 levels left

rFire  + . .     SeeInvis .     Q - +10 war axe "Syoxki Paxy" {holy, rC- rN+ Dex+3}
rCold  x . .     Gourm    .     C - +1 plate armour
rNeg   + . .     Faith    .     c - +0 shield
rPois  +         Spirit   .     (helmet restricted)
rElec  .         Reflect  .     N - +2 cloak {rPois}
rCorr  .         Harm     .     K - +0 pair of gloves
MR     +....                    M - +2 pair of boots
Stlth  ..........               (no amulet)
                                p - ring of protection from fire {rF+, !d}
                                t - +5 ring of dexterity

@: corroded
A: retaliatory headbutt, horns 2
a: Heroism, Finesse, Renounce Religion


You were on level 6 of the Lair of Beasts.
You worshipped Okawaru.
Okawaru was exalted by your worship.
You were not hungry.

You visited 3 branches of the dungeon, and saw 18 of its levels.

You collected 1070 gold pieces.

Inventory:

Hand Weapons
 a - a +3 war axe of draining
 e - a +3 executioner's axe of chopping
   (You took it off Rupert on level 4 of the Lair of Beasts)
 s - a +3 morningstar of draining
   (Okawaru gifted it to you on level 6 of the Lair of Beasts)
 B - a +1 hand axe of freezing
   (Okawaru gifted it to you on level 6 of the Lair of Beasts)
 J - a +2 war axe of chopping
   (You found it on level 4 of the Lair of Beasts)
 L - the +7 flail of Immorality {freeze, rElec Str+2}
   (You found it on level 11 of the Dungeon)

   It has been specially enchanted to freeze those struck by it, causing extra
   injury to most foes and up to half again as much damage against particularly
   susceptible opponents.
   It can also slow down cold-blooded creatures.
   It affects your strength (+2).
   It insulates you from electricity.
 P - a +1 flail of crushing
   (You found it on level 6 of the Lair of Beasts)
 Q - the +10 war axe "Syoxki Paxy" (weapon) {holy, rC- rN+ Dex+3}
   (Okawaru gifted it to you on level 6 of the Lair of Beasts)

   It has been blessed by the Shining One to cause great damage to the undead
   and demons.
   It affects your dexterity (+3).
   It makes you vulnerable to cold.
   It protects you from negative energy.
Missiles
 R - 8 poisoned javelins (quivered)
Armour
 c - a +0 shield (worn)
 C - a +1 plate armour (worn)
   (You found it on level 6 of the Dungeon)
 K - a +0 pair of gloves (worn)
   (You found it on level 3 of the Lair of Beasts)
 M - a +2 pair of boots (worn)
   (You found it on level 6 of the Lair of Beasts)
 N - a +2 cloak of poison resistance (worn)
   (Okawaru gifted it to you on level 3 of the Lair of Beasts)
 T - the +1 cloak "Asok" {-Cast +Fly rN+ Int+3}
   (You found it on level 6 of the Lair of Beasts)

   It affects your intelligence (+3).
   It protects you from negative energy.
   It lets you fly.
   It prevents spellcasting.
Jewellery
 p - a ring of protection from fire (right hand) {rF+, !d}
   (You found it on level 5 of the Dungeon)
 t - a +5 ring of dexterity (left hand)
   (You found it on level 3 of the Dungeon)
 F - an uncursed ring of flight {+Fly, !d}
   (You found it on level 1 of the Lair of Beasts)
Wands
 y - a wand of teleportation (5/9)
   (You found it on level 5 of the Dungeon)
 I - a wand of iceblast (6/15)
   (You found it on level 6 of the Lair of Beasts)
Scrolls
 h - 3 scrolls of identify
 q - a scroll of fear
 v - a scroll of teleportation
 w - 4 scrolls of magic mapping {!r}
 A - a scroll of fog
 D - 3 scrolls of remove curse
 E - 2 scrolls of amnesia
 G - a scroll of holy word {unknown}
 H - 2 scrolls of recharging
 S - 3 scrolls of enchant weapon
Potions
 b - 2 potions of cure mutation {!q}
 g - 2 potions of flight
 j - 2 potions of agility
 m - a potion of invisibility
 n - 3 potions of might
 o - 5 potions of brilliance
 x - 2 potions of berserk rage {!q}
 z - a potion of ambrosia
 O - 2 potions of resistance
Comestibles
 d - 7 fruits
 f - 15 bread rations
 i - 3 royal jellies
 k - 7 meat rations
 r - a slice of pizza


   Skills:
 + Level 13.7 Fighting
 + Level 13.6 Axes
 + Level 13.6 Armour
 + Level 13.6 Shields
 + Level 10.4 Invocations


You had 13 spell levels left.
You didn't know any spells.

Dungeon Overview and Level Annotations

Branches:
Dungeon (11/15)            Temple (1/1) D:4            Lair (6/6) D:11
  Swamp (0/4) Lair:2       Spider (0/4) Lair:3        Slime (0/5) Lair:5
    Orc (0/2) D:10

Altars:
Ashenzari
Cheibriados
Fedhas
Gozag
Hepliaklqana
Okawaru
Ru
Trog
Xom
Yredelemnul
The Shining One

Shops:
D:7 :

Annotations:
Lair:3 exclusion: oklob plant
Lair:4 exclusion: oklob plant


Innate Abilities, Weirdness & Mutations

You reflexively headbutt those who attack you in melee.
You have a pair of horns on your head.


Message History

You block the crocodile's attack.
The entropy weaver hits you but does no damage.
The entropy weaver completely misses you.
The entropy weaver hits you but does no damage.
The entropy weaver barely misses you.
You slash the entropy weaver!
Your headbutt misses the entropy weaver.
The entropy weaver is heavily wounded.
You hit the crocodile. You hit the river rat but do no damage.
You feel sick.
The river rat bites you but does no damage.
You block the crocodile's attack.
The entropy weaver hits you with a morningstar of protection! x2
The entropy weaver hits you with a morningstar of protection.
The entropy weaver barely misses you.
You closely miss the entropy weaver.
The entropy weaver is heavily wounded.
You hit the river rat. You hit the crocodile. You block the river rat's attack.
You closely miss the entropy weaver.
The entropy weaver is heavily wounded.
Your plate armour prevents you from hitting the river rat.
You slash the crocodile!
You feel sick.
You block the entropy weaver's attack. x2
The entropy weaver hits you with a morningstar of protection.
You block the entropy weaver's attack.
The crocodile bites you but does no damage.
The river rat closely misses you.
You completely miss the entropy weaver. You headbutt the entropy weaver!
The entropy weaver is severely wounded.
You closely miss the crocodile. You hit the river rat.
You block the crocodile's attack.
The entropy weaver hits you with a morningstar of protection!
* * * LOW HITPOINT WARNING * * *
The entropy weaver hits you with a morningstar of protection.
* * * LOW HITPOINT WARNING * * *
The entropy weaver hits you but does no damage.
The entropy weaver barely misses you. The river rat barely misses you.
You hit the entropy weaver but do no damage.
The entropy weaver is severely wounded.
You closely miss the crocodile. You hit the river rat but do no damage.
You feel sick. The crocodile closely misses you. You furiously retaliate!
You headbutt the crocodile, but do no damage.
The entropy weaver hits you but does no damage.
The entropy weaver hits you with a morningstar of protection!
* * * LOW HITPOINT WARNING * * *
The entropy weaver closely misses you.
The entropy weaver hits you but does no damage.
You feel much better.
The river rat bites you but does no damage.
The entropy weaver hits you with a morningstar of protection!
* * * LOW HITPOINT WARNING * * *
The entropy weaver hits you with a morningstar of protection!
* * * LOW HITPOINT WARNING * * *
The entropy weaver hits you but does no damage.
You block the entropy weaver's attack. You block the crocodile's attack.
You feel better. You block the river rat's attack.
The entropy weaver casts a spell.
The entropic weave corrodes you!
The crocodile bites you but does no damage.
Your shield and plate armour prevent you from hitting the entropy weaver.
Your headbutt misses the entropy weaver.
The entropy weaver is severely wounded.
You hit the river rat.
You kill the river rat!
Your plate armour prevents you from hitting the crocodile.
You block the entropy weaver's attack. x3
The entropy weaver hits you but does no damage.
The crocodile bites you!
* * * LOW HITPOINT WARNING * * *
You hit the entropy weaver but do no damage.
The entropy weaver is severely wounded.
You slash the crocodile!
You kill the crocodile!
Okawaru accepts your kill.
You block the entropy weaver's attack. x2
The entropy weaver hits you but does no damage.
You block the entropy weaver's attack.
You hit the entropy weaver but do no damage.
The entropy weaver is severely wounded.
You slice the entropy weaver!!
The entropy weaver is almost dead.
You block the entropy weaver's attack.
The entropy weaver hits you but does no damage.
The entropy weaver hits you with a morningstar of protection!
* * * LOW HITPOINT WARNING * * *
You block the entropy weaver's attack.
Okay, then.
The entropy weaver throws a stone.
You block the stone.
You see here a stone.
The entropy weaver throws a stone.
You block the stone.
The entropy weaver throws a stone.
The stone hits you but does no damage.
You see here a stone.
The entropy weaver gestures wildly while chanting.
The entropic weave corrodes you!
The entropy weaver throws a stone.
The stone hits you but does no damage.
You see here a stone.
The entropy weaver throws a stone.
You block the stone.
The entropy weaver gestures wildly while chanting.
The entropic weave corrodes you!
You see here a stone.
The entropy weaver throws a stone.
The stone hits you!
You die...

#.......#........###..###...###.
#..P..#...............P........
#......(.?......#.............
#.....†........P##............
#...#.a........##...P.........
.[...#.(........P##..#.........
<.. #...(...........P#.........
#..........................
#......((.@.....##.........
##P....†........#.#........
#..........##P###.........
##.........#### ##........
#.#...###.## ##...##.. ####..#
### ##.##### #### #.# ###


You could see an entropy weaver.

Vanquished Creatures
  Rupert (Lair:4)
  An entropy weaver (Lair:6)
  5 hydras
  2 catoblepae (Lair:6)
  A centaur warrior (D:10)
  A queen ant (Lair:6)
  Erica (Lair:1)
  5 death yaks (Lair:6)
  Nergalle (Lair:1)
  The ghost of micr0chasm the Cleaver, a novice GrFi of Hepliaklqana (D:11)
  A hill giant (D:11)
  2 ugly things (D:11)
  A cyclops (D:11)
  5 elephants (Lair:2)
  5 black mambas
  A gargoyle (D:10)
  5 spiny frogs
  A demonic crawler (Lair:3)
  4 komodo dragons
  3 polar bears
  Prince Ribbit (D:7)
  A merfolk (D:10)
  A troll (D:10)
  12 blink frogs
  4 slime creatures (Lair:5)
  5 hippogriffs
  7 dream sheep (Lair:6)
  A two-headed ogre (D:8)
  Sigmund (D:2)
  55 yaks
  Grum (D:8)
  A wyvern (Lair:2)
  A steam dragon (D:11)
  A hungry ghost (D:10)
  2 wargs (D:11)
  Menkaure (D:7)
  17 soldier ants (Lair:6)
  10 water moccasins
  10 porcupines
  2 orc warriors (D:11)
  2 necrophages
  2 ice beasts
  A phantom (D:10)
  2 sky beasts
  5 black bears
  The ghost of crawdingle the Archer, an amateur CeHu (D:4)
  4 ogres
  6 centaurs
  9 wolves
  9 crocodiles
  3 big kobolds
  A gnoll sergeant (D:8)
  11 bullfrogs
  A water moccasin zombie (D:11)
  9 scorpions
  4 killer bees (D:11)
  3 troll zombies (D:10)
  11 wights
  A howler monkey (D:10)
  2 electric eels (Lair:6)
  3 crimson imps
  2 bullfrog zombies
  2 jellies
  2 quasits
  7 orc priests
  12 orc wizards
  4 hounds
  3 bullfrog skeletons
  3 iguanas
  Jessica (D:2)
  39 worker ants
  3 killer bee zombies
  5 ogre zombies (D:10)
  A hound zombie (D:7)
  A mummy (D:7)
  A worker ant zombie (D:7)
  A howler monkey zombie (D:8)
  7 gnolls
  A river rat (Lair:6)
  9 adders
  An ooze (D:2)
  2 adder skeletons
  4 worms
  13 dart slugs
  5 leopard geckos
  22 orcs
  7 giant cockroaches
  7 hobgoblins
  2 jackals (D:6)
  2 quokkas
  2 ball pythons
  9 bats
  3 frilled lizards
  8 goblins
  3 goblin skeletons (D:10)
  A goblin zombie (D:10)
  2 hobgoblin skeletons (D:10)
  3 hobgoblin zombies (D:10)
  2 jackal skeletons
  21 kobolds
  3 orc skeletons (D:10)
  13 orc zombies (D:10)
  A quokka zombie (D:9)
  6 rats
  A fungus (Lair:5)
518 creatures vanquished.

Vanquished Creatures (collateral kills)
  A porcupine (Lair:1)
1 creature vanquished.

Vanquished Creatures (others)
  8 fungi
  2 plants (Lair:6)
10 creatures vanquished.

Grand Total: 529 creatures vanquished

Notes
Turn   | Place    | Note
-------+----------+-------------------------------------------
     0 | D:1      | tboon the Minotaur Fighter began the quest for the Orb.
     0 | D:1      | Reached XP level 1. HP: 19/19 MP: 0/0
   241 | D:1      | Reached XP level 2. HP: 27/27 MP: 1/1
   304 | D:1      | Reached skill level 4 in Shields
   789 | D:1      | Reached skill level 4 in Fighting
   955 | D:1      | Reached XP level 3. HP: 33/33 MP: 2/2
  1135 | D:2      | Reached skill level 4 in Armour
  1170 | D:2      | Noticed Sigmund
  1180 | D:2      | Killed Sigmund
  1180 | D:2      | Reached skill level 5 in Fighting
  1180 | D:2      | Reached skill level 3 in Axes
  1180 | D:2      | Reached XP level 4. HP: 29/42 MP: 3/3
  1180 | D:2      | Reached XP level 5. HP: 33/48 MP: 4/4
  1547 | D:2      | Reached skill level 5 in Armour
  1643 | D:2      | Reached skill level 4 in Axes
  1774 | D:2      | Noticed Jessica
  1778 | D:2      | Killed Jessica
  1778 | D:2      | Reached skill level 5 in Shields
  1884 | D:3      | Found a blossoming altar of Fedhas.
  1936 | D:3      | Reached XP level 6. HP: 36/56 MP: 5/5
  2581 | D:3      | HP: 14/56 [orc wizard/magic dart (8)]
  3186 | D:4      | Reached skill level 5 in Axes
  3206 | D:4      | Noticed crawdingle's ghost (amateur CeHu)
  3217 | D:4      | Killed crawdingle's ghost
  3217 | D:4      | Reached skill level 6 in Shields
  3217 | D:4      | Reached XP level 7. HP: 44/62 MP: 6/6
  3316 | D:4      | Found a staircase to the Ecumenical Temple.
  3332 | Temple   | Entered the Ecumenical Temple
  3338 | Temple   | Became a worshipper of Warmaster Okawaru
  3503 | D:4      | Reached skill level 6 in Fighting
  3503 | D:4      | Reached skill level 6 in Armour
  3670 | D:5      | Entered Level 5 of the Dungeon
  3963 | D:5      | Found a glowing golden altar of the Shining One.
  4058 | D:5      | Reached skill level 6 in Axes
  4060 | D:5      | Reached * piety under Okawaru
  4281 | D:5      | Reached XP level 8. HP: 71/71 MP: 7/7
  4379 | D:5      | Found a glowing golden altar of the Shining One.
  4609 | D:6      | Reached skill level 7 in Shields
  4669 | D:6      | Reached skill level 7 in Fighting
  4669 | D:6      | Reached skill level 7 in Armour
  4725 | D:6      | Reached ** piety under Okawaru
  4726 | D:6      | Reached skill level 1 in Invocations
  4829 | D:6      | Reached skill level 7 in Axes
  5059 | D:6      | Reached skill level 2 in Invocations
  5082 | D:6      | Reached XP level 9. HP: 57/79 MP: 9/9
  5387 | D:7      | Noticed Prince Ribbit
  5390 | D:7      | Noticed Menkaure
  5408 | D:7      | Killed Prince Ribbit
  5408 | D:7      | Reached *** piety under Okawaru
  5408 | D:7      | Reached skill level 8 in Armour
  5408 | D:7      | Reached skill level 8 in Shields
  5409 | D:7      | Killed Menkaure
  5409 | D:7      | Reached skill level 8 in Fighting
  5757 | D:7      | Reached skill level 8 in Axes
  5757 | D:7      | Reached skill level 3 in Invocations
  5805 | D:7      | Found Arui's Book Shoppe.
  6204 | D:8      | Noticed Grum
  6538 | D:8      | Reached **** piety under Okawaru
  6546 | D:8      | Killed Grum
  6546 | D:8      | Reached skill level 4 in Invocations
  6755 | D:8      | Reached skill level 9 in Shields
  6802 | D:8      | Reached skill level 9 in Armour
  6932 | D:8      | Reached skill level 9 in Fighting
  6951 | D:8      | Reached XP level 10. HP: 88/89 MP: 12/12
  7306 | D:8      | Found a snail-covered altar of Cheibriados.
  7306 | D:8      | Found a blossoming altar of Fedhas.
  8098 | D:9      | Reached skill level 9 in Axes
  8183 | D:10     | Entered Level 10 of the Dungeon
  8255 | D:10     | Noticed a centaur warrior
  8268 | D:10     | Killed a centaur warrior
  8268 | D:10     | Reached skill level 5 in Invocations
  8617 | D:10     | Found a staircase to the Orcish Mines.
  8920 | D:10     | Noticed a gargoyle
  8935 | D:10     | Killed a gargoyle
  8935 | D:10     | Reached skill level 10 in Shields
  9114 | D:10     | Reached skill level 10 in Armour
  9158 | D:10     | Reached ***** piety under Okawaru
  9162 | D:10     | Reached skill level 10 in Fighting
  9623 | D:11     | Noticed micr0chasm's ghost (novice GrFi)
  9639 | D:11     | Killed micr0chasm's ghost
  9639 | D:11     | Reached skill level 6 in Invocations
  9639 | D:11     | Reached XP level 11. HP: 97/97 MP: 6/14
  9644 | D:11     | Noticed a hill giant
  9658 | D:11     | Killed a hill giant
  9658 | D:11     | Reached skill level 10 in Axes
  9680 | D:11     | Found a staircase to the Lair.
  9987 | D:11     | Noticed a cyan ugly thing
  9995 | D:11     | Killed a cyan ugly thing
 10080 | D:11     | Got a twisted flail
 10555 | Lair:1   | Entered Level 1 of the Lair of Beasts
 10555 | Lair:1   | Noticed Nergalle
 11095 | D:11     | Reached skill level 11 in Shields
 11095 | D:11     | Reached skill level 7 in Invocations
 11340 | D:11     | Noticed a cyan ugly thing
 11354 | D:11     | Killed a cyan ugly thing
 11354 | D:11     | Reached skill level 11 in Fighting
 11366 | D:11     | Reached skill level 11 in Armour
 11635 | D:11     | HP: 22/102 [something (5)]
 11641 | D:11     | HP: 11/102 [something (5)]
 11646 | D:11     | HP: 9/102 [something (1)]
 11651 | D:11     | HP: 12/102 [something (6)]
 11654 | D:11     | HP: 4/102 [something (7)]
 11663 | D:11     | HP: 13/102 [something (1)]
 12105 | D:11     | Received a gift from Okawaru
 12112 | D:11     | Reached skill level 11 in Axes
 12141 | Lair:1   | Killed Nergalle
 12327 | Lair:1   | Identified the +7 flail of Immorality {freeze, rElec Str+2} (You found it on level 11 of the Dungeon)
 12391 | Lair:1   | Reached XP level 12. HP: 102/110 MP: 16/16
 12589 | Lair:1   | Noticed Erica
 12603 | Lair:1   | Killed Erica
 13069 | Lair:2   | Reached skill level 8 in Invocations
 13134 | Lair:2   | Received a gift from Okawaru
 13170 | Lair:2   | Reached skill level 12 in Shields
 13364 | Lair:2   | Found a staircase to the Swamp.
 13485 | Lair:2   | Reached skill level 12 in Fighting
 13496 | Lair:2   | Reached skill level 12 in Axes
 13505 | Lair:2   | Reached skill level 12 in Armour
 14193 | Lair:3   | Found a hole to the Spider Nest.
 14301 | Lair:3   | Noticed a four-headed hydra
 14309 | Lair:3   | Killed a four-headed hydra
 14309 | Lair:3   | Received a gift from Okawaru
 15032 | Lair:4   | Reached XP level 13. HP: 119/119 MP: 18/18
 15051 | Lair:4   | Noticed Rupert
 15074 | Lair:4   | Killed Rupert
 15074 | Lair:4   | Reached skill level 9 in Invocations
 15076 | Lair:4   | Upgraded the game from 0.19.0-19-g8c6edcc to 0.19.0-20-gbc5f0c6
 16265 | Lair:5   | Found a staircase to the Slime Pits.
 17054 | Lair:6   | Entered Level 6 of the Lair of Beasts
 17072 | Lair:6   | Reached skill level 13 in Fighting
 17087 | Lair:6   | Reached skill level 13 in Shields
 17206 | Lair:6   | Noticed an entropy weaver
 17235 | Lair:6   | Reached skill level 13 in Axes
 17260 | Lair:6   | Killed an entropy weaver
 17260 | Lair:6   | Received a gift from Okawaru
 17260 | Lair:6   | Reached skill level 13 in Armour
 17978 | Lair:6   | Reached ****** piety under Okawaru
 17978 | Lair:6   | Received a gift from Okawaru
 17978 | Lair:6   | Reached skill level 10 in Invocations
 18207 | Lair:6   | Reached XP level 14. HP: 110/129 MP: 20/20
 18221 | Lair:6   | Received a gift from Okawaru
 18512 | Lair:6   | Received a gift from Okawaru
 18513 | Lair:6   | Got a brightly glowing war axe {god gift}
 18514 | Lair:6   | Identified the +10 war axe "Syoxki Paxy" {holy, rC- rN+ Dex+3} (Okawaru gifted it to you on level 6 of the Lair of Beasts)
 18523 | Lair:6   | Got a shimmering cloak
 18534 | Lair:6   | Identified the +1 cloak "Asok" {-Cast +Fly rN+ Int+3} (You found it on level 6 of the Lair of Beasts)
 18566 | Lair:6   | Noticed an entropy weaver
 18579 | Lair:6   | HP: 30/130 [entropy weaver/morningstar of protection (5)]
 18586 | Lair:6   | HP: 4/130 [entropy weaver/morningstar of protection (13)]
 18594 | Lair:6   | Hit by a stone thrown by an entropy weaver

Skill      XL: |  1  2  3  4  5  6  7  8  9 10 11 12 13 |
---------------+----------------------------------------+-----
Shields        | 4 5 6 7 9 10 11 12 13 | 13.6
Fighting       | 4 5 6 7 9 10 11 12 13 | 13.7
Armour         | 4 5 6 7 9 10 11 12 13 | 13.6
Axes           | 3 4 5 6 7 8 9 11 12 13 | 13.6
Invocations    | 2 4 6 7 8 10 | 10.4

Action                   |  1- 3 |  4- 6 |  7- 9 | 10-12 | 13-15 || total
-------------------------+-------+-------+-------+-------+-------++-------
Melee: War axe           |    59 |   134 |   305 |   771 |   333 ||  1602
       Headbutt          |    11 |    23 |    71 |   221 |   135 ||   461
       Flail             |       |       |       |     5 |   130 ||   135
Throw: Javelin           |       |       |       |       |     2 ||     2
Invok: Heroism           |       |       |     3 |    14 |     5 ||    22
       Finesse           |       |       |       |     7 |     2 ||     9
  Use: Potion            |     1 |       |       |     5 |     3 ||     9
       Scroll            |       |     5 |    10 |    10 |     8 ||    33
 Stab: Petrified         |       |       |       |       |     6 ||     6
  Eat: Chunk             |     1 |     6 |    13 |    20 |     8 ||    48
       Meat ration       |       |       |       |     1 |       ||     1
       Pizza             |       |       |       |     2 |     1 ||     3
       Beef jerky        |       |       |       |       |     2 ||     2
Armor: Scale mail        |    27 |    55 |    35 |       |       ||   117
       Chain mail        |       |       |    42 |       |       ||    42
       Plate armour      |       |       |    73 |   373 |   202 ||   648
Dodge: Dodged            |    23 |    39 |    83 |   141 |    90 ||   376
Block: Shield            |    28 |    83 |   206 |   436 |   261 ||  1014

Vault maps used:
D:1:      ncdulo_watergridlock
D:2:      uniq_sigmund, uniq_jessica
D:3:      kennysheep_slugbush, minmay_misc_feat_iff, fedhas_altar_2
D:4:      first_bread
D:5:      tso_oasis_becter, nicolae_tso_swordbearing_angel
D:7:      serial_shops, kennysheep_mini_moat, serial_undead, serial_undead_f,
          serial_undead_f, serial_undead_c, serial_undead_e, uniq_menkaure,
          uniq_prince_ribbit1
D:8:      amethyst_overflow_temple_binary, uniq_grum
D:9:      minivault_5
D:10:     zombieorc2_lemuel, hangedman_fish_farm
D:11:     erik_lair_orcish_takeover, portal_ice_cave_entry_pillars_2,
          nicolae_two_hexagons, feat_on_display
Temple:   eino_narrow_crystal_temple
Lair:1:   uniq_nergalle, uniq_erica
Lair:2:   swamp_mist, grunt_megastairs_3, lemuel_fruit_fields
Lair:3:   nicolae_spider_entry_non_spiders, nicolae_quartered_pool_medium,
          minmay_lair_oklob_bushes, serial_bayou_shore_a, lemuel_fruit_fields
Lair:4:   grunt_megastairs_1, lemuel_fruit_fields, uniq_rupert
Lair:5:   minmay_slime_entry_pillars
Lair:6:   hangedman_lair_in_review, wormcave, zaba_anthell

Table legend:
 A = Turns spent in this place as a percentage of turns spent in the entire game.
 B = Non-inter-level travel turns spent in this place as a percentage of non-inter-level travel turns spent in the entire game.
 C = Inter-level travel turns spent in this place as a percentage of turns spent in this place.
 D = Turns resting spent in this place as a percentage of non-inter-level travel turns spent in this place.
 E = Turns spent auto-exploring this place as a percentage of non-inter-level travel turns spent in this place.
 F = Non-inter-level travel turns spent in this place divided by the number of levels of this place that you've seen.
                   A       B       C       D       E      F
               +-------+-------+-------+-------+-------+----------------------
         Total | 100.0 | 100.0 |   0.4 |   3.9 |   8.1 | 255.6
       Dungeon |  62.2 |  62.2 |   0.3 |   4.5 |   8.7 | 260.2
        Temple |   0.3 |   0.3 |   0.0 |   0.0 |   0.0 |  12.0
          Lair |  37.5 |  37.5 |   0.5 |   3.0 |   7.1 | 287.7
               +-------+-------+-------+-------+-------+----------------------

Table legend:
 A = Kills in this place as a percentage of kills in entire the game.
 B = Kills by you in this place as a percentage of kills by you in the entire game.
 C = Kills by friends in this place as a percentage of kills by friends in the entire game.
 D = Other kills in this place as a percentage of other kills in the entire game.
 E = Experience gained in this place as a percentage of experience gained in the entire game.
 F = Experience gained in this place divided by the number of levels of this place that you have seen.
                   A       B       C       D       E      F
               +-------+-------+-------+-------+-------+----------------------
         Total | 100.0 | 100.0 | 100.0 |  -nan | 100.0 | 3914.8
       Dungeon |  62.5 |  62.7 |   0.0 |  -nan |  28.9 | 1852.5
          Lair |  37.5 |  37.3 | 100.0 |  -nan |  71.1 | 8348.3
               +-------+-------+-------+-------+-------+----------------------
